AoeStats
← impossible

African Clearing

510947392Analyzed
4v4 RM · 11h ago on Oct 3, 2026· 62m 46s· 8 players
Game mode
Random Map
Map size
Large (8 player)
Population
200
Speed
Normal
Resources
Standard
Victory
Conquest
Starting age
Dark Age
Ending age
Imperial Age
RankedLock teamsTeams togetherTeam positionsShared explorationLock speedFull tech treeHidden civsTurbo modeCheats
Victory
Defeat
🇷🇺 Magyars · Russia
1202
+13
🇻🇳 Saracens · Vietnam
1193
+13
🇨🇱 Mongols · Chile
1090
+17
🇨🇳 Chinese · China
1061
+19
🇨🇴 Mapuche · Colombia
1193
-18
🇲🇽 Khmer · Mexico
1143
-16
🇲🇽 Chinese · Mexico
1104
-15
🇨🇴 Persians · Colombia
1071
-13
PGTKing50
3:22 Loom
14:53 Feudal Age
19:14 Castle Age
17:31 Double-Bit Axe
20:02 Wheelbarrow
19:24 Stone Mining
23:15 Bow Saw
25:15 Hand Cart
25:48 Horse Collar
30:57 Squires
30:43 Arson
31:50 Heavy Plow
31:54 Gold Mining
32:29 Forging
32:19 Scale Mail Armor
35:39 Imperial Age
33:02 Town Watch
34:04 Town Patrol
34:37 Chain Mail Armor
37:07 Gold Shaft Mining
38:10 Two-Man Saw
37:13 Heavy Rocket Cart
37:14 Heavy Scorpion
39:07 Chemistry
37:58 Heated Shot
38:30 Ballistics
37:50 Elite Fire Lancer
40:36 Capped Ram
41:28 Siege Ram
46:53 Heated Shot
Saldeath
7:31 Loom
13:59 Feudal Age
18:18 Castle Age
16:10 Double-Bit Axe
17:08 Town Watch
21:43 Fletching
26:56 Horse Collar
33:39 Bodkin Arrow
33:46 Padded Archer Armor
34:04 Bow Saw
34:51 Ballistics
39:56 Leather Archer Armor
40:13 Malon
43:04 Imperial Age
42:55 Gold Mining
43:44 Wheelbarrow
44:02 Caravan
43:26 Elite Bolas Rider
44:29 Conscription
44:29 Butalmapu
46:00 Ring Archer Armor
46:53 Hand Cart
46:03 Capped Ram
49:26 Chemistry
49:18 Masonry
52:51 Elite Kona
54:29 Town Patrol
55:18 Forging
61:25 Gold Shaft Mining
60:51 Heavy Plow
61:49 Hoardings
61:47 Architecture
ThiranoMarck
4:33 Loom
16:11 Feudal Age
23:26 Castle Age
42:12 Imperial Age
47:02 Ballistics
48:34 Fletching
CVPE | Monje del SENA
10:18 Loom
10:29 Loom
13:12 Feudal Age
18:57 Castle Age
18:53 Double-Bit Axe
21:11 Horse Collar
24:03 Wheelbarrow
23:40 Heavy Plow
24:17 Bow Saw
32:01 Imperial Age
29:40 Husbandry
30:43 Hand Cart
30:50 Hand Cart
31:00 Hand Cart
30:53 Scale Barding Armor
30:59 Forging
31:03 Bloodlines
30:58 Gold Mining
31:37 Cavalier
32:40 Chain Barding Armor
34:29 Conscription
34:46 Plate Barding Armor
36:04 Iron Casting
34:53 Light Cavalry
48:18 Hussar
51:52 Gold Shaft Mining
54:22 Thumb Ring
56:48 Fletching
60:49 Crossbowman
62:38 Stone Mining
TheroZeuS Biri Biri
4:36 Loom
14:30 Feudal Age
15:10 Double-Bit Axe
18:03 Wheelbarrow
20:18 Castle Age
18:53 Horse Collar
20:39 Gold Mining
21:13 Town Watch
22:01 Crossbowman
23:56 Padded Archer Armor
23:46 Fletching
26:11 Stone Mining
26:44 Heavy Plow
27:20 Bow Saw
28:37 Thumb Ring
29:48 Leather Archer Armor
31:56 Ballistics
32:36 Bodkin Arrow
36:12 Imperial Age
35:31 Gold Shaft Mining
36:23 Arbalester
36:40 Capped Ram
37:59 Siege Ram
39:19 Conscription
42:01 Heavy Scorpion
49:29 Siege Engineers
49:35 Masonry
53:49 Hand Cart
54:39 Elite Mangudai
55:26 Bracer
飞翔的圣光
3:28 Loom
21:18 Feudal Age
23:00 Double-Bit Axe
28:31 Castle Age
27:29 Horse Collar
29:40 Bow Saw
29:51 Heavy Plow
32:13 Town Watch
33:05 Wheelbarrow
37:57 Gold Mining
37:57 Stone Mining
38:21 Fortified Wall
38:22 Masonry
38:43 Hand Cart
40:26 Fletching
40:37 Padded Archer Armor
41:39 Elite Skirmisher
43:21 Thumb Ring
43:13 Pikeman
44:51 Gold Shaft Mining
44:51 Stone Shaft Mining
44:47 Squires
44:48 Scale Mail Armor
44:59 Forging
46:49 Great Wall
49:22 Imperial Age
48:41 Chain Mail Armor
49:02 Iron Casting
48:52 Bodkin Arrow
49:12 Leather Archer Armor
49:03 Scale Barding Armor
50:02 Town Patrol
50:01 Halberdier
51:39 Plate Mail Armor
52:10 Blast Furnace
54:43 Blast Furnace
53:28 Heavy Rocket Cart
54:44 Ballistics
55:24 Chemistry
54:20 Murder Holes
58:18 Capped Ram
59:46 Bracer
60:17 Ring Archer Armor
61:13 Elite Fire Lancer
61:20 Siege Ram
63:00 Architecture
62:51 Bombard Tower
62:18 Heavy Scorpion
64:14 Two-Man Saw
halong1301
5:31 Loom
14:21 Feudal Age
18:49 Castle Age
17:19 Double-Bit Axe
21:08 Bow Saw
22:18 Horse Collar
23:10 Stone Mining
25:56 Heavy Plow
29:42 Husbandry
29:53 Bloodlines
30:36 Gold Mining
31:39 Light Cavalry
36:17 Imperial Age
34:19 Scale Barding Armor
34:26 Forging
35:26 Chain Barding Armor
37:16 Gold Shaft Mining
36:43 Elite Mameluke
38:04 Iron Casting
38:36 Plate Barding Armor
39:55 Blast Furnace
40:18 Blast Furnace
40:27 Hussar
52:11 Capped Ram
52:15 Onager
56:34 Siege Onager
58:37 Chemistry
impossible
6:39 Loom
13:11 Feudal Age
17:24 Castle Age
15:54 Stone Mining
17:50 Double-Bit Axe
30:36 Gold Mining
34:07 Scale Barding Armor
37:57 Imperial Age
35:58 Bow Saw
35:29 Horse Collar
36:26 Gold Shaft Mining
36:14 Corvinian Army
39:53 Chain Barding Armor
40:34 Conscription
42:44 Wheelbarrow
43:11 Plate Barding Armor
45:06 Elite Magyar Huszar
45:41 Fletching
60:16 Hoardings
60:13 Masonry
59:44 Treadmill Crane
64:05 Two-Man Saw
63:06 Heavy Plow
63:06 Bodkin Arrow
63:33 Ballistics
Connection lost

Rejoining the realm…

Still unreachable

The connection could not be restored.

Session expired

The server has moved on; the page needs a fresh start.